 Dungeon Crawl Stone Soup version 0.17.0-28-g6e173f8 (webtiles) character file.

144 trolloc1 the Cudgeler (level 5, 0/45 HPs)
             Began as a Minotaur Berserker on Nov 29, 2015.
             Was a Believer of Trog.
             Succumbed to a worker ant's poison
             ... on level 5 of the Dungeon.
             The game lasted 00:04:35 (2047 turns).

trolloc1 the Cudgeler (Minotaur Berserker)          Turns: 2047, Time: 00:04:35

Health: 0/45       AC:  7    Str: 21    XL:     5   Next: 5%
Magic:  4/4        EV:  9    Int:  4    God:    Trog [**....]
Gold:   132        SH:  9    Dex: 11    Spells: 0 memorised, 4 levels left

rFire  . . .     SeeInvis .     a - +0 mace
rCold  . . .     Clarity  .     n - +0 ring mail
rNeg   . . .     SustAt   .     p - +0 shield
rPois  .         Gourm    .     (helmet restricted)
rElec  .         Spirit   .     (no cloak)
rCorr  .         Warding  .     k - +0 pair of gloves
rMut   .         Stasis   .     j - +0 pair of boots (curse)
MR     .....                    (no amulet)
Stlth  +.........               (no ring)
                                g - ring of flight

@: lethally poisoned (0 -> -8), not resistant to hostile enchantments, very
unstealthy
A: retaliatory headbutt, horns 2
a: Berserk, Trog's Hand, Burn Spellbooks, Renounce Religion, Evoke Flight


You were on level 5 of the Dungeon.
You worshipped Trog.
Trog was pleased with you.
You were not hungry.

You visited 1 branch of the dungeon, and saw 4 of its levels.

You collected 132 gold pieces.

Inventory:

Hand Weapons
 a - a +0 mace (weapon)
Armour
 j - a cursed +0 pair of boots (worn)
 k - a +0 pair of gloves (worn)
 n - a +0 ring mail (worn)
 p - a +0 shield (worn)
Jewellery
 g - a ring of flight (left hand)
 s - a +2 ring of evasion {unknown}
Scrolls
 e - a scroll of fog {unknown}
 h - 2 scrolls of identify {unknown}
 m - 6 scrolls of remove curse {unknown}
 o - a scroll of blinking {unknown}
 t - a scroll of recharging {unknown}
 u - a scroll of immolation {unknown}
 w - a scroll of enchant weapon {unknown}
Potions
 b - a potion of curing {unknown}
 d - a potion of brilliance {unknown}
 f - a potion of cancellation {unknown}
 i - a potion of invisibility {unknown}
 l - a potion of heal wounds {unknown}
 r - a potion of agility {unknown}
 v - a potion of cure mutation {unknown}
 x - a potion of haste {unknown}
Comestibles
 c - 3 bread rations


   Skills:
 - Level 3.6 Fighting
 + Level 6.2 Maces & Flails
 - Level 2.4 Armour
 - Level 2.1 Dodging
 + Level 2.7 Shields


You had 4 spell levels left.
You didn't know any spells.

Dungeon Overview and Level Annotations

Branches:
Dungeon (5/15)
 Temple: D:4-7

Altars:
Dithmenos
Gozag
Kikubaaqudgha
Makhleb
Vehumet
The Shining One


Innate Abilities, Weirdness & Mutations

You reflexively headbutt those who attack you in melee.
You have a pair of horns on your head.


Message History

You block the worker ant's attack.
You hit the worker ant but do no damage.
You headbutt the worker ant.
The worker ant is moderately wounded.
* * * LOW HITPOINT WARNING * * *
You feel sick. You block the worker ant's attack.
You hit the worker ant but do no damage.
You headbutt the worker ant.
The worker ant is heavily wounded.
* * * LOW HITPOINT WARNING * * *
You feel sick.
The worker ant bites you but does no damage.
You hit the worker ant.
The worker ant is severely wounded.
* * * LOW HITPOINT WARNING * * *
You feel sick. You block the worker ant's attack.
You block the worker ant's attack.
You barely miss the worker ant. You headbutt the worker ant.
The worker ant is almost dead.
You die...

........ .......
.....> ...a. ....#
#.#.# # #.#%# .#
#.#.####.####
#.####....a@.....#
#.............##.#
..........######
##.######## .


You could see a worker ant.

Vanquished Creatures
  A scorpion (D:5)
  A centaur skeleton (D:5)
  2 adders (D:3)
  An ooze (D:2)
  A giant gecko (D:1)
  6 bats
  3 giant cockroaches
  3 goblins
  6 hobgoblins
  5 jackals
  3 giant newts
  5 kobolds
  9 rats
46 creatures vanquished.

Notes
Turn   | Place    | Note
--------------------------------------------------------------
     0 | D:1      | trolloc1 the Minotaur Berserker began the quest for the Orb.
     0 | D:1      | Reached XP level 1. HP: 19/19 MP: 0/0
    71 | D:1      | Reached skill level 4 in Maces & Flails
   164 | D:1      | Reached XP level 2. HP: 23/26 MP: 1/1
   669 | D:2      | Reached ** piety under Trog
   675 | D:2      | Reached skill level 5 in Maces & Flails
   971 | D:2      | Reached XP level 3. HP: 20/31 MP: 2/2
  1374 | D:2      | Found a burning altar of Makhleb.
  1375 | D:2      | Found a radiant altar of Vehumet.
  1515 | D:3      | Found an ancient bone altar of Kikubaaqudgha.
  1517 | D:3      | Found a glowing golden altar of the Shining One.
  1569 | D:3      | Found an opulent altar of Gozag.
  1691 | D:3      | Reached skill level 1 in Shields
  1711 | D:3      | Found a shadowy altar of Dithmenos.
  1913 | D:3      | Found an opulent altar of Gozag.
  1951 | D:3      | You fall through a shaft for 2 floors!
  1951 | D:5      | Entered Level 5 of the Dungeon
  1953 | D:5      | Noticed a scorpion
  1965 | D:5      | Killed a scorpion
  1965 | D:5      | Reached skill level 6 in Maces & Flails
  1965 | D:5      | Reached XP level 4. HP: 11/39 MP: 3/3
  1978 | D:5      | Reached XP level 5. HP: 12/45 MP: 4/4
  2046 | D:5      | HP: 1/45 [poisoned by a worker ant]
  2047 | D:5      | Succumbed to a worker ant's poison

Action                   |  1- 3 |  4- 6 || total
-------------------------+-------+-------++-------
Melee: Mace              |   116 |     9 ||   125
Invok: Berserk           |       |     1 ||     1
       Trog's Hand       |       |     1 ||     1
  Eat: Chunk             |     3 |     2 ||     5
